[Event "*** Titled Tuesday Blitz"]
[Site "Chess.com"]
[Date "2020.04.14"]
[Round "5"]
[White "DinaBelenkaya"]
[Black "NiranjanNavalgund"]
[Result "0-1"]
[WhiteElo "2177"]
[BlackElo "2427"]
[TimeControl "180+1"]
[EndTime "10:51:26 PDT"]
[Termination "NiranjanNavalgund won on time"]

1. e4 e5 2. Nf3 Nc6 3. Nc3 Nf6 4. d4 exd4 5. Nxd4 Bb4 6. Nxc6 bxc6 7. Bd3 O-O 8. O-O d5 9. exd5 cxd5 10. h3 Rb8 11. Bg5 Be6 12. Qf3 Be7 13. b3 h6 14.
Bf4 Rb4 15. Ne2 Bd6 16. Rad1 c5 17. c4 d4 18. Rfe1 Rb6 19. Bxd6 Rxd6 20. Nf4 Bd7 21. Re5 Qc7 22. Rde1 Re8 23. Nd5 Rxe5 24. Rxe5 Rxd5 25.
Rxd5 Nxd5 26. cxd5 Qe5 27. a4 g6 28. h4 Kg7 29. Bc4 a5 30. d6 Qe8 31. Qd5 Bc6 32. Qxc5 Qe1+ 33. Kh2 Qxf2 34. Qe5+ Kh7 35. Qg3 Qf6 36. h5 g5 37. Bd3+ Kg7 38. Bc4 Bd7 39. Bd3 Qe6 40. Bc4 Qf5 41. Bd3 Qd5 42. Bc4 Qe4 43.
Bd3 Qe6 44. Bc4 Qf6 45. Bb5 Be6 46. d7 g4 0-1

[Event "*** Titled Tuesday Blitz"]
[Site "Chess.com"]
[Date "2020.04.14"]
[Round "5"]
[White "nonscitis"]
[Black "WastefulJustice"]
[Result "1-0"]
[WhiteElo "2669"]
[BlackElo "2445"]
[TimeControl "180+1"]
[EndTime "10:51:27 PDT"]
[Termination "nonscitis won by resignation"]

1. d4 Nf6 2. c4 e6 3. Nf3 d5 4.
Nc3 Be7 5. Bg5 O-O 6. cxd5 exd5 7. e3 c6 8. Bd3 Nbd7 9. O-O Re8 10. a3 Nf8 11.
Qc2 g6 12. b4 Ne6 13. Bh4 a6 14. Rab1 Ng7 15. a4 Bf5 16. b5 axb5 17. axb5 Bxd3 18.
Qxd3 Nf5 19. Bxf6 Bxf6 20. bxc6 bxc6 21. Rfc1 Nd6 22. Nd2 h5 23. Ne2 Qd7 24. Qc2 Ra6 25. Nb3 Qa7 26. Ra1 Nc4 27. Rxa6 Qxa6 28. Nf4 Rb8 29. Nc5 Qc8 30. Rb1 Kg7 31. Nce6+ Kh7 32. Rxb8 Qxb8 33. Nxh5 Bh8 34. Nhf4 Na3 35. Ng5+ Kh6 36.
Nxf7+ Kg7 37. Qxg6+ Kf8 38. g3 Qb1+ 39. Qxb1 Nxb1 40.
Nxh8 1-0

[Event "*** Titled Tuesday Blitz"]
[Site "Chess.com"]
[Date "2020.04.14"]
[Round "5"]
[White "AshotParvanyan"]
[Black "blazingbanana"]
[Result "1-0"]
[WhiteElo "2592"]
[BlackElo "2400"]
[TimeControl "180+1"]
[EndTime "10:51:27 PDT"]
[Termination "AshotParvanyan won by checkmate"]

1. Nf3 d5 2. g3 c6 3. Bg2 Nf6 4. O-O g6 5. c4 Bg7 6. d4 O-O 7.
Nbd2 Bf5 8. b3 Nbd7 9. Bb2 Rc8 10. Rc1 Qa5 11. a3 Rfd8 12. b4 Qc7 13. Qb3 dxc4 14.
Nxc4 Be6 15. Ng5 Nf8 16. Nxe6 Nxe6 17. Rfd1 Nd5 18. Ne5 Qb6 19. e3 a5 20. Nc4 Qa6 21.
Nxa5 b5 22. Nxc6 Rxc6 23. Bxd5 Rxc1 24. Rxc1 Ng5 25. h4 Qd6 26. hxg5 Qxd5 27. Qxd5 Rxd5 28. Rc8+ Bf8 29. f4 f6 30. e4 Rd7 31. d5 fxg5 32.
fxg5 Kf7 33. Kf2 h6 34. gxh6 Bxh6 35. Rc5 e6 36. Rxb5 exd5 37. exd5 Ke7 38. Be5 Rd8 39.
Kf3 Rf8+ 40. Ke4 Rf1 41. Rb7+ Ke8 42. d6 Bg5 43. Kd5 Rd1+ 44. Ke6 Bd8 45. Rh7 Kf8 46. Rh8# 1-0

[Event "*** Titled Tuesday Blitz"]
[Site "Chess.com"]
[Date "2020.04.14"]
[Round "5"]
[White "jonaszmb"]
[Black "Ziyamammadov"]
[Result "1-0"]
[WhiteElo "2416"]
[BlackElo "1796"]
[TimeControl "180+1"]
[EndTime "10:51:27 PDT"]
[Termination "jonaszmb won by resignation"]

1. d4 Nf6 2. c4 d6 3. Nf3 g6 4. g3 Bg7 5. Bg2 O-O 6. O-O Nbd7 7.
Qc2 c5 8. Rd1 cxd4 9. Nxd4 a5 10. Nc3 Nc5 11. b3 Qb6 12. Bb2 Ng4 13. Ncb5 Bd7 14. e4 Bc6 15. Nxc6 bxc6 16. Bxg7 Kxg7 17. Nd4 Rad8 18. h3 Nf6 19. e5 dxe5 20. Nxc6 Rxd1+ 21. Rxd1 Re8 22. Nxe5 Ne6 23. Qc3 Rd8 24. Rxd8 Qxd8 25.
Nc6 Qc7 26. Qe5 Qd7 27. Kh2 Qb7 28. Nd8 Qb6 29. Nxe6+ fxe6 30. c5 Qd8 31. c6 Kf7 32. c7 Qc8 33. Bc6 Nd7 34. Bxd7 Qxd7 35. Qc5 Qc8 36. Qxa5 Ke8 37. Qc5 Kd7 38. a4 Qb7 39.
c8=Q+ Qxc8 40. Qxc8+ Kxc8 41. Kg2 Kb7 42. Kf3 Kc6 43.
Ke4 Kc5 44. Ke5 Kb4 45. Kxe6 Kxb3 46. a5 Ka4 47. a6 Kb4 48. a7 Kc5 49. a8=Q Kd4 50.
Qd8+ Kc4 51. Qxe7 Kc3 52. Qxh7 Kd2 53. Qxg6 Ke2 54. Qf5 Kf1 55. h4 Kg1 56. h5 Kh2 57. h6 Kg2 58. h7 Kf1 59. g4 Kg1 60. g5 Kh1 61. g6 Kg1 62. g7 Kf1 63. Qc2 Kg1 64.
f4 Kh1 65. f5 Kg1 66. f6 Kf1 67. f7 Ke1 68. Ke7 Kf1 69. f8=R+ Ke1 70. Rd8 Kf1 71.
Qd2 Kg1 1-0

[Event "*** Titled Tuesday Blitz"]
[Site "Chess.com"]
[Date "2020.04.14"]
[Round "5"]
[White "kreonx"]
[Black "Medvezhlo"]
[Result "0-1"]
[WhiteElo "2236"]
[BlackElo "2451"]
[TimeControl "180+1"]
[EndTime "10:51:27 PDT"]
[Termination "Medvezhlo won by resignation"]

1. e4 c5 2. Nc3 g6 3. g3 Bg7 4.
Bg2 Nc6 5. d3 d6 6. Be3 Rb8 7.
Qd2 b5 8. f4 b4 9. Nd1 e5 10. f5 gxf5 11. exf5 Nd4 12. g4 Qh4+ 13.
Nf2 h5 14. Bg5 Nxc2+ 15. Kf1 Bh6 16. Nf3 Bxg5 17. Qxc2 b3 18. axb3 Qxf2+ 19. Kxf2 Bd8 20. Nxe5 dxe5 21. Rhe1 f6 22. g5 Bxf5 23. Bc6+ Kf8 24. gxf6 Nxf6 25. Ke2 Bb6 26. Rf1 Bg4+ 27. Bf3 Kg7 28.
Rg1 c4 29. h3 cxd3+ 30. Kxd3 e4+ 31. Bxe4 Rhd8+ 32. Kc3 Rbc8+ 33. Kb4 Rxc2 34. Bxc2 Bxg1 35. Rxg1 Rd2 36. Bf5 Rd4+ 37. Kc3 Rf4 38. hxg4 hxg4 39. Be6 Re4 40. Bf5 Rf4 41. Be6 Kg6 42. Kd3 Kg5 43. Ke3 Re4+ 44. Kd3 Rxe6 45. Ra1 Re7 46. Ra5+ Kf4 47. Ra4+ Kf3 48. Ra6 Nd5 49. Rxa7 Rxa7 0-1

[Event "*** Titled Tuesday Blitz"]
[Site "Chess.com"]
[Date "2020.04.14"]
[Round "5"]
[White "Pavlov_Sergey"]
[Black "Gordima"]
[Result "1-0"]
[WhiteElo "2610"]
[BlackElo "2752"]
[TimeControl "180+1"]
[EndTime "10:51:28 PDT"]
[Termination "Pavlov_Sergey won on time"]

1. c4 c5 2. Nf3 Nf6 3. Nc3 e6 4. g3 b6 5. Bg2 Bb7 6. O-O Be7 7.
Re1 Ne4 8. Nxe4 Bxe4 9. d3 Bb7 10. e4 d6 11. d4 cxd4 12. Nxd4 O-O 13. b3 a6 14. Bb2 Re8 15. Qd2 Bf8 16. Rad1 Nd7 17. a4 Qc7 18. Bc3 Nc5 19. Qb2 Rac8 20. Re3 Qb8 21.
Ra1 Qa8 22. f3 Qb8 23. a5 bxa5 24. Bxa5 d5 25. b4 e5 26. bxc5 exd4 27. Rb3 dxc4 28.
Rxb7 Qe5 29. f4 Qxc5 30. Bb4 Qc6 31. e5 Qg6 32. Bxf8 Rxf8 33. Qxd4 c3 34. Rc1 c2 35. Qe4 Rfd8 36. Qe2 h5 37. Bf3 h4 38. Kg2 Rc3 39. Rb2 Rdc8 40. Be4 Qe6 41. Rbxc2 h3+ 42. Kf1 Rxc2 43. Rxc2 Rb8 44. Rc1 Qb3 45. Qd3 1-0

[Event "*** Titled Tuesday Blitz"]
[Site "Chess.com"]
[Date "2020.04.14"]
[Round "5"]
[White "Bykov_Egor"]
[Black "Zavgorodniy_Serg"]
[Result "0-1"]
[WhiteElo "2558"]
[BlackElo "2729"]
[TimeControl "180+1"]
[EndTime "10:51:28 PDT"]
[Termination "Zavgorodniy_Serg won by resignation"]

1. d4 Nf6 2. c4 e6 3. Nc3 Bb4 4. e3 b6 5. Ne2 Ne4 6. f3 Nxc3 7. bxc3 Be7 8. Ng3 h5 9. Bd3 h4 10. Ne2 Ba6 11. f4 Nc6 12. f5 Na5 13. Qa4 exf5 14.
O-O g6 15. e4 fxe4 16. Bxe4 Bxc4 17. Bxa8 Qxa8 18. Qc2 h3 19. Rf2 hxg2 20. Bf4 Qc6 21.
Re1 Kd8 22. Bg3 Kc8 23. Nf4 Bd6 24. Qd2 Kb7 25. Nxg2 Bxg3 26. hxg3 Bd5 27. Rf4 Nc4 28.
Qf2 f5 29. Rh4 Rxh4 30. Nxh4 Nd6 31. Nxg6 Qxc3 32. Nf4 Be4 33. d5 a5 34. Rd1 Nc4 35.
Kh2 Ne5 36. Kh3 Ng4 37. Qd4 Qc2 38. Qd2 Qc4 39. Qd4 Qc2 40. Qd2 Qxd1 41. Qxd1 Nf2+ 42.
Kh4 Nxd1 43. Kg5 a4 44. Ne2 a3 45. Kf4 Bb1 46. g4 fxg4 0-1

[Event "*** Titled Tuesday Blitz"]
[Site "Chess.com"]
[Date "2020.04.14"]
[Round "5"]
[White "mapebo94"]
[Black "SavelijTartakover"]
[Result "0-1"]
[WhiteElo "1983"]
[BlackElo "2592"]
[TimeControl "180+1"]
[EndTime "10:51:28 PDT"]
[Termination "SavelijTartakover won by resignation"]

1. d4 d5 2. c4 c6 3. Nc3 Nf6 4. cxd5 cxd5 5. g3 Nc6 6. Bg2 Bf5 7. Nf3 h6 8. O-O e6 9. a3 Be7 10. b4 Rc8 11. Bb2 O-O 12. Rc1 Ne4 13. Na4 Nd6 14. Ne5 Nxe5 15. dxe5 Nc4 16. Bd4 b6 17. f4 Nxa3 18. Nb2 Bxb4 19. Qa4 a5 20. Rxc8 Qxc8 21. Bxb6 Bc5+ 22. Bxc5 Qxc5+ 23. Kh1 Rb8 24. Nd3 Bxd3 25. exd3 Qb4 26. Qd7 Qb5 27. Qc7 Qb6 28.
Qe7 Nc2 29. f5 Rf8 30. f6 g6 31. Rc1 Qb2 32. Rg1 Ne3 33. Bf3 Qf2 34. Bg2 Ng4 35.
Qc7 Qe3 36. h3 Nxe5 37. Rc1 Nxd3 38. Rc2 Qe5 39. Qe7 Qb8 40. Qa3 Qb1+ 41. Kh2 Qxc2 42. Qxa5 Qe2 0-1

[Event "*** Titled Tuesday Blitz"]
[Site "Chess.com"]
[Date "2020.04.14"]
[Round "5"]
[White "ristingho"]
[Black "LuckIsMySkill"]
[Result "0-1"]
[WhiteElo "2462"]
[BlackElo "2730"]
[TimeControl "180+1"]
[EndTime "10:51:29 PDT"]
[Termination "LuckIsMySkill won by resignation"]

1. d4 c5 2. d5 e5 3. e4 d6 4.
c4 Be7 5. Nc3 Bg5 6. g3 h5 7. h4 Bxc1 8. Rxc1 Nf6 9. Nge2 Bg4 10. Bg2 Bxe2 11. Qxe2 O-O 12. O-O Nbd7 13. f4 exf4 14.
Rxf4 Ne5 15. Rcf1 Nfg4 16. b3 a6 17. Rf5 g6 18. R5f4 Qa5 19. Nd1 b5 20. Bh3 bxc4 21.
bxc4 Rab8 22. Bxg4 Nxg4 23. Rxg4 hxg4 24. Qxg4 Qd2 25. h5 Qd4+ 26. Kh1 Qxc4 27. Ne3 Qd3 28. hxg6 f5 29. exf5 Qxe3 30. Qh4 Kg7 31. f6+ Kxg6 32. Qg4+ Qg5 33. Qe4+ Kh6 34. Rf2 Qxg3 35. Rh2+ Qxh2+ 36. Kxh2 Rxf6 37. Qe3+ Kg6 38. Qg3+ Kf7 39. Qe3 Rh8+ 40. Kg3 Rg8+ 41. Kh3 a5 42. a4 Rg7 43. Qe4 Rh6+ 0-1

[Event "*** Titled Tuesday Blitz"]
[Site "Chess.com"]
[Date "2020.04.14"]
[Round "5"]
[White "rozabaku"]
[Black "Olkaa"]
[Result "0-1"]
[WhiteElo "2436"]
[BlackElo "2653"]
[TimeControl "180+1"]
[EndTime "10:51:29 PDT"]
[Termination "Olkaa won by checkmate"]

1. d4 Nf6 2. c4 c5 3. d5 b5 4. Bf4 Bb7 5. Nf3 bxc4 6. Nc3 g6 7. e4 d6 8. Bxc4 Bg7 9. Qb3 Qb6 10. O-O Nbd7 11.
Rfe1 O-O 12. Na4 Qxb3 13. axb3 Ng4 14. Nc3 Nge5 15. Nxe5 Nxe5 16. Ra5 Rfb8 17. Bxe5 Bxe5 18. Rea1 a6 19. Kf1 Bc8 20. g3 g5 21. Ke2 Kg7 22. Ke3 g4 23. Kd3 Rb4 24. R1a2 Rab8 25. Nb1 Rxb3+ 26. Bxb3 Rxb3+ 27. Nc3 Bd4 28. R5a3 Rb6 29.
b3 h5 30. Re2 Be5 31. Re1 Bd7 32. Kc2 Bc8 33. Nd1 Rb4 34. Ra4 Rb6 35. Ne3 Bf6 36. Nc4 Rb5 37. e5 dxe5 38. Nxe5 Bf5+ 39. Kb2 c4 40. Rxc4 Rxd5 41. Ka2 Bxe5 42. Rc5 Rxc5 43. Re2 Ra5# 0-1

[Event "*** Titled Tuesday Blitz"]
[Site "Chess.com"]
[Date "2020.04.14"]
[Round "5"]
[White "Mimsychess"]
[Black "artichaud"]
[Result "1-0"]
[WhiteElo "2376"]
[BlackElo "2210"]
[TimeControl "180+1"]
[EndTime "10:51:29 PDT"]
[Termination "Mimsychess won by resignation"]

1. Nf3 g6 2. c4 Bg7 3. Nc3 f5 4. d3 Nf6 5. e4 d6 6. Be2 Nc6 7.
O-O O-O 8. exf5 gxf5 9. d4 e5 10.
dxe5 dxe5 11. Qxd8 Rxd8 12. Bg5 Be6 13. Nd5 Bxd5 14.
cxd5 Nd4 15. Nxd4 exd4 16. Rfd1 h6 17. Bh4 Kh7 18. Rac1 Rac8 19. Bf3 c5 20. dxc6 bxc6 21. Rxc6 Rxc6 22. Bxc6 d3 23. Rd2 Rd6 24. Bb5 Ne4 25. Rxd3 Rxd3 26. Bxd3 Bxb2 27. f3 Bd4+ 28. Kf1 Nd6 29. Be7 Bc5 30. g4 Kg7 31. gxf5 Nb7 32. f6+ Kf7 33. Bc4+ Ke8 34. Bxc5 Nxc5 35. Kf2 Kf8 36. Ke3 Nd7 37. f7 Ke7 38. Kd4 Nf8 39. Ke5 Nd7+ 40. Kf5 a5 41. Kg6 Ne5+ 42. Kg7 Nd7 43.
Bd5 h5 44. f4 h4 45. f5 Kd6 46. f8=Q+ Nxf8 47. Kxf8 Kxd5 48. Ke7 1-0

[Event "*** Titled Tuesday Blitz"]
[Site "Chess.com"]
[Date "2020.04.14"]
[Round "5"]
[White "adriangschnitzer"]
[Black "garfield_pg"]
[Result "0-1"]
[WhiteElo "2361"]
[BlackElo "2202"]
[TimeControl "180+1"]
[EndTime "10:51:29 PDT"]
[Termination "garfield_pg won by checkmate"]

1. c4 g6 2. e4 Bg7 3. d4 c5 4. Nf3 cxd4 5. Nxd4 Nc6 6. Be3 Nf6 7. Nc3 O-O 8. Be2 d6 9. O-O Bd7 10. h3 a5 11. Qc2 a4 12. Rad1 Qa5 13. f4 Rfc8 14.
Ndb5 Nb4 15. Qb1 Bc6 16. a3 Na6 17. Nd5 Bxd5 18. exd5 Nc5 19. f5 Nb3 20. g4 Qd8 21. g5 Nd7 22. h4 Ne5 23. Qe4 Qd7 24. h5 gxf5 25. Rxf5 Nxc4 26. Rdf1 Nbd2 27. Bxd2 Nxd2 28. Qf4 Nxf1 29. Rxf7 Ng3 30. Bd3 Nxh5 31. Qf3 Rf8 32. Bxh7+ Kxh7 33. Qxh5+ Kg8 34. Rxg7+ Kxg7 35. Nd4 e5 36. Ne6+ Kg8 37. Qg6+ Kh8 38. Qh6+ Qh7 39. Nc7 Qxh6 40. gxh6 Rg8+ 41. Kf2 Rac8 42. Ne6 Rc2+ 43. Ke3 Rxb2 44. Nf8 Rb3+ 45. Ke4 Rxf8 46. h7 Rf4# 0-1

[Event "*** Titled Tuesday Blitz"]
[Site "Chess.com"]
[Date "2020.04.14"]
[Round "5"]
[White "biesiadnik"]
[Black "GHANDEEVAM2003"]
[Result "1-0"]
[WhiteElo "2600"]
[BlackElo "2892"]
[TimeControl "180+1"]
[EndTime "10:51:30 PDT"]
[Termination "biesiadnik won by resignation"]

1. e4 e6 2. d4 d5 3. e5 c5 4. c3 Nc6 5. Nf3 Qb6 6. a3 c4 7.
Nbd2 Na5 8. Rb1 Bd7 9. Be2 Ne7 10.
b4 cxb3 11. Nxb3 Ba4 12. Nxa5 Bxd1 13. Rxb6 axb6 14. Bb5+ Kd8 15. Nxb7+ Kc7 16. Kxd1 Kxb7 17. Ng5 Nc6 18. Nxf7 Rg8 19. a4 Be7 20. Nd6+ Bxd6 21.
exd6 Rgf8 22. Re1 Rf6 23. Bg5 Rf5 24. Bh4 g5 25. Bg3 Rf6 26. h4 g4 27. Kd2 h5 28.
Kd3 Rd8 29. c4 dxc4+ 30. Bxc4 Nb4+ 31. Kc3 Nd5+ 32. Bxd5+ exd5 33. Re7+ Ka6 34. Rh7 Rf5 35. Kb4 Rf6 36. Rxh5 Rd7 37. Rxd5 Re6 38. Be5 Rh6 39. Bg3 Re6 40. a5 Re1 41. axb6 Rb1+ 42. Kc3 Kxb6 43. Rc5 Ra7 44. Kd3 Re1 45. Kc4 Rf7 46. Kd5 Rf5+ 47. Be5 Kb7 48. d7 Rf8 49. Ke6 1-0

[Event "*** Titled Tuesday Blitz"]
[Site "Chess.com"]
[Date "2020.04.14"]
[Round "5"]
[White "EugeneRougon"]
[Black "IM_Tissir"]
[Result "1-0"]
[WhiteElo "2692"]
[BlackElo "2511"]
[TimeControl "180+1"]
[EndTime "10:51:30 PDT"]
[Termination "EugeneRougon won on time"]

1. e4 c5 2. Nf3 e6 3. g3 Nc6 4.
Bg2 d6 5. O-O Nf6 6. Nc3 Be7 7. d4 cxd4 8. Nxd4 Qc7 9. Ndb5 Qb8 10. Bf4 Ne5 11. Bg5 Ned7 12. a4 O-O 13. Qd2 a6 14. Nd4 Qc7 15. a5 Ne5 16. b3 Bd7 17. Na4 Bxa4 18. Rxa4 h6 19. Bxf6 Bxf6 20. f4 Nc6 21.
Nxc6 bxc6 22. Rc4 d5 23. Ra4 dxe4 24. Bxe4 Rad8 25. Qe2 Rd4 26. Qxa6 Rxa4 27. bxa4 Bc3 28. Qxc6 Qa7+ 29. Kg2 Qxa5 30. Rb1 Bf6 31. Rb7 Qd2+ 32. Kh3 Qd4 33. Rd7 Qg1 34. a5 Rb8 35. Qc7 Rf8 36. a6 g5 37. fxg5 hxg5 38. a7 Kg7 39. Kg4 Bd4 40.
Qc4 Bxa7 41. Qc3+ 1-0

[Event "*** Titled Tuesday Blitz"]
[Site "Chess.com"]
[Date "2020.04.14"]
[Round "5"]
[White "SGchess01"]
[Black "MergenKakabaev"]
[Result "1-0"]
[WhiteElo "2694"]
[BlackElo "2449"]
[TimeControl "180+1"]
[EndTime "10:51:30 PDT"]
[Termination "SGchess01 won on time"]

1. e4 e5 2. Nf3 Nc6 3. Bc4 Nf6 4. d3 Bc5 5. O-O d6 6. c3 a6 7. Bb3 Ba7 8. Nbd2 O-O 9. h3 Ne7 10. Re1 Ng6 11. Nf1 h6 12. d4 exd4 13. cxd4 d5 14. e5 Ne4 15. N1d2 Bf5 16. Bc2 Nxd2 17. Bxd2 Bxc2 18.
Qxc2 Qd7 19. Rac1 c6 20. b4 Rfe8 21. Qd3 Rac8 22. a4 a5 23. bxa5 c5 24. Qb5 Qxb5 25. axb5 cxd4 26. b6 Bb8 27. Nxd4 Bxe5 28. Nb5 Rxc1 29.
Rxc1 d4 30. g3 d3 31. Rc5 Rd8 32. Kg2 Bb8 33. f4 Nf8 34. Kf3 Ne6 35. Rc4 f5 36. Ke3 g5 37. Nc7 Kf7 38. Nxe6 Kxe6 39. Rd4 gxf4+ 40. gxf4 Rg8 41. Rxd3 Rg3+ 42. Kd4 1-0

[Event "*** Titled Tuesday Blitz"]
[Site "Chess.com"]
[Date "2020.04.14"]
[Round "5"]
[White "bmt011"]
[Black "mirochka"]
[Result "1-0"]
[WhiteElo "2011"]
[BlackElo "2210"]
[TimeControl "180+1"]
[EndTime "10:51:30 PDT"]
[Termination "bmt011 won by resignation"]

1. d4 Nf6 2. Bf4 d5 3. Nf3 g6 4. e3 Bg7 5. h3 O-O 6. Be2 c5 7. c3 Nc6 8. O-O Nd7 9. Nbd2 e5 10. dxe5 Ndxe5 11. Nxe5 Nxe5 12. Nf3 Nc6 13. Qb3 b6 14. Rad1 Be6 15. Ng5 h6 16. Nxe6 fxe6 17. c4 d4 18. Bf3 Rc8 19. Bxc6 Rxc6 20. Bg3 e5 21. exd4 exd4 22.
Qd3 Kh7 23. Rde1 Re8 24. Re4 Rce6 25. f3 Rxe4 26. fxe4 Qe7 27. h4 Qxe4 28. Qxe4 Rxe4 29. Rf7 a5 30. Bc7 d3 31. Rd7 Rd4 32. Rxd4 Bxd4+ 33. Kf1 Bxb2 34. Bxb6 a4 35. Bxc5 Kg7 36. Kf2 Kf6 37. Ke3 Kf5 38. Kxd3 Kg4 39. Be3 Kxh4 40. Bxh6 Kg3 41.
Ke4 Kxg2 42. c5 Bc3 43. c6 Ba5 44. Bf4 g5 45. Bxg5 Kf2 46. Bf4 Ke2 47. Kd4 Kd1 48.
a3 Kc2 49. Kc4 Kb2 50. Bd6 Bd8 51. Kb5 Kb3 52. Ka6 Ka2 53. Kb7 Kb3 54. c7 Bxc7 55.
Kxc7 1-0

[Event "*** Titled Tuesday Blitz"]
[Site "Chess.com"]
[Date "2020.04.14"]
[Round "5"]
[White "Yeytruyol"]
[Black "hongnhung1234"]
[Result "1-0"]
[WhiteElo "2393"]
[BlackElo "2129"]
[TimeControl "180+1"]
[EndTime "10:51:30 PDT"]
[Termination "Yeytruyol won by checkmate"]

1. e4 c5 2. d4 cxd4 3. c3 Nf6 4. e5 Nd5 5. Nf3 Nc6 6. cxd4 e6 7. a3 d6 8. Bd3 dxe5 9. dxe5 Be7 10. O-O O-O 11. Re1 b6 12. Qc2 Bb7 13. Bxh7+ Kh8 14. Nc3 Nxc3 15.
bxc3 g6 16. Bxg6 fxg6 17. Qxg6 Qe8 18. Qh6+ Kg8 19. Re4 Nxe5 20. Rxe5 Bxf3 21. gxf3 Rf7 22. Bg5 Rg7 23. Qxe6+ Kh8 24. Qh6+ Kg8 25. Qxg7+ Kxg7 26. Rxe7+ Qxe7 27. Bxe7 Kf7 28. Bh4 Rc8 29. Rc1 Rc4 30. Bg3 Ke6 31. h4 Kf5 32. f4 Kg4 33. Kg2 Ra4 34. Re1 Kf5 35. Re5+ Kf6 36. h5 Rxa3 37. Rg5 Rxc3 38. h6 Rc7 39. f5 Rh7 40. Rh5 a5 41. Kf3 b5 42. Ke4 a4 43. Be5+ Ke7 44. f6+ Ke6 45. Rg5 Rxh6 46. Rg7 Rh4+ 47. f4 Rxf4+ 48. Kxf4 a3 49. Ra7 b4 50. Ra4 a2 51.
Rxa2 b3 52. Rb2 Kf7 53. Rxb3 Kg6 54. Rb7 Kh5 55. Rg7 Kh6 56. f7 Kh5 57. f8=Q Kh6 58. Qh8# 1-0

[Event "*** Titled Tuesday Blitz"]
[Site "Chess.com"]
[Date "2020.04.14"]
[Round "5"]
[White "Mfcyryd"]
[Black "Tiqr777"]
[Result "1-0"]
[WhiteElo "2487"]
[BlackElo "2632"]
[TimeControl "180+1"]
[EndTime "10:51:31 PDT"]
[Termination "Mfcyryd won by resignation"]

1. e4 g6 2. d4 Bg7 3. Nc3 d6 4. Be3 Nc6 5. Qd2 e5 6. Nge2 Nf6 7. f3 O-O 8. O-O-O a6 9. Kb1 b5 10. a3 Rb8 11. d5 Na5 12. Nc1 Nh5 13. g4 Nf4 14. h4 h6 15. Nxb5 axb5 16. Qxa5 c5 17. Qxd8 Rxd8 18. Nd3 g5 19. Nxf4 exf4 20. Bd2 Bd7 21.
hxg5 hxg5 22. Rh5 Bf6 23. Be2 Kg7 24. Rdh1 Rh8 25. Rxh8 Rxh8 26. Rxh8 Kxh8 27. c4 bxc4 28. Bxc4 Kg8 29. Ba5 Kf8 30. b3 Ke8 31. Bc7 Be5 32.
Kc2 Bc8 33. Bb5+ Bd7 34. Bc6 Ke7 35. a4 Bc8 36. Kd3 Ba6+ 37. Bb5 Bxb5+ 38. axb5 Kd7 39. b6 Kc8 40. Kc4 Kb7 41. Kb5 f6 42.
Bd8 Bc3 43. Be7 Be5 44. Bf8 Kc8 45. Kc6 Kb8 46. Bxd6+ Bxd6 47. Kxd6 c4 48. bxc4 Kb7 49. c5 f5 50. exf5 1-0

[Event "*** Titled Tuesday Blitz"]
[Site "Chess.com"]
[Date "2020.04.14"]
[Round "5"]
[White "sergeikim"]
[Black "Treacherous_horse64"]
[Result "1-0"]
[WhiteElo "2371"]
[BlackElo "2204"]
[TimeControl "180+1"]
[EndTime "10:51:31 PDT"]
[Termination "sergeikim won by checkmate"]

1. d4 d5 2. c4 e6 3. Nc3 Nf6 4. Nf3 dxc4 5. e3 a6 6. Bxc4 b5 7. Bb3 Bb7 8. O-O Nbd7 9. Qe2 c5 10. Rd1 cxd4 11. exd4 Nb6 12. Bg5 Nbd5 13. Ne5 Be7 14. Rd3 Nxc3 15. bxc3 Nd5 16. Bd2 Bf6 17. Rg3 Qd6 18.
Re1 Rc8 19. Qh5 g6 20. Qh6 Qf8 21. Qh3 Qd6 22. Rf3 Bxe5 23. Rxe5 Ne7 24. Rxf7 Kxf7 25. Rxe6 Qd5 26. Bxd5 Bxd5 27. Rxa6 Nf5 28. Ra7+ Ke6 29. g4 Nd6 30. Qe3+ Be4 31. f3 Ra8 32. Rxa8 Rxa8 33. fxe4 Rxa2 34. d5+ Kd7 35. Qd4 Nc4 36. Bf4 Ra1+ 37. Kg2 Ra2+ 38. Kg3 Re2 39. Qg7+ Kc8 40. Qc7# 1-0

[Event "*** Titled Tuesday Blitz"]
[Site "Chess.com"]
[Date "2020.04.14"]
[Round "5"]
[White "Mbneu"]
[Black "littleozy"]
[Result "0-1"]
[WhiteElo "2211"]
[BlackElo "2413"]
[TimeControl "180+1"]
[EndTime "10:51:31 PDT"]
[Termination "littleozy won on time"]

1. d4 Nf6 2. c4 a6 3. Nc3 e6 4. a3 d5 5. Nf3 dxc4 6. e4 b5 7.
e5 Nd5 8. Ng5 Be7 9. Qh5 Bxg5 10. Bxg5 Qd7 11. Be2 Bb7 12. Bf3 c5 13. Ne4 cxd4 14.
Nd6+ Kf8 15. O-O Nc6 16. Bxd5 exd5 17. f4 d3 18. Rf3 Nd4 19. Rh3 h6 20. Qh4 Nf5 21.
Qf2 Nxd6 22. exd6 Qxd6 23. f5 Re8 24. f6 Kg8 25. fxg7 Rh7 26. Bf6 Qe6 27. Rf1 d2 28. Qxd2 Qe2 29. Qd4 h5 30. Rhf3 Qe4 31. Qb6 d4 32. Qxd4 Qxd4+ 33. Bxd4 Bxf3 34. Rxf3 Rh6 35. Kf2 Rd6 36. Bc3 Rd3 37. Rf5 Red8 38. Rxh5 Rxc3 39.
bxc3 Rd2+ 40. Ke1 Rd3 41. Rh3 Rxh3 42. gxh3 Kxg7 43. Kf2 Kf6 44. Kf3 Kf5 45. h4 a5 46.
h3 f6 0-1

[Event "*** Titled Tuesday Blitz"]
[Site "Chess.com"]
[Date "2020.04.14"]
[Round "5"]
[White "Teidi96"]
[Black "tamarozi99"]
[Result "1-0"]
[WhiteElo "2187"]
[BlackElo "1952"]
[TimeControl "180+1"]
[EndTime "10:51:31 PDT"]
[Termination "Teidi96 won on time"]

1. e4 c5 2. Nf3 Nc6 3. d4 cxd4 4. Nxd4 g6 5. c4 d6 6. Nc3 Nf6 7. Be2 Nxd4 8. Qxd4 Bg7 9. O-O O-O 10. Qd3 a5 11.
Be3 a4 12. Rab1 Qa5 13. b4 axb3 14. axb3 Be6 15. f3 Nd7 16. Nd5 Qd8 17. b4 f5 18.
Nf4 fxe4 19. fxe4 Bf7 20. Nd5 Rc8 21. Rbc1 Ne5 22. Qb3 e6 23. Nb6 Rc6 24. c5 dxc5 25. bxc5 Qe7 26. Bb5 Rc7 27. Bf4 g5 28. Be3 h6 29. h3 Bg6 30. Qb4 Nc6 31. Rxf8+ Kxf8 32. Bxc6 Rxc6 33. Rd1 Be8 34. Qa3 Kg8 35. Qb4 Kh7 36. Rf1 Be5 37. Bf2 Bc7 38. Be3 Bg6 39. Qb5 Bxb6 40.
cxb6 Bxe4 41. Qe5 Bg6 42. Qb8 Rxb6 43. Bxb6 1-0

[Event "*** Titled Tuesday Blitz"]
[Site "Chess.com"]
[Date "2020.04.14"]
[Round "5"]
[White "tonyq11"]
[Black "Natalya_Buksa"]
[Result "1/2-1/2"]
[WhiteElo "2249"]
[BlackElo "2453"]
[TimeControl "180+1"]
[EndTime "10:51:32 PDT"]
[Termination "Game drawn by repetition"]

1. d4 Nf6 2. c4 g6 3. Nc3 d5 4. Bf4 Bg7 5. e3 O-O 6. Rc1 c6 7. Nf3 Nbd7 8. h3 dxc4 9. Bxc4 b5 10. Bb3 Bb7 11. O-O a6 12. Ne5 c5 13. dxc5 Nxc5 14. Bc2 Ne6 15. Bh2 Qb6 16. Qe2 Rfd8 17. Rfd1 Nd5 18. Bb3 Nxc3 19. Rxd8+ Rxd8 20. Rxc3 a5 21. Rd3 Rxd3 22. Qxd3 a4 23. Bxe6 fxe6 24. Qd7 Kf8 25.
Bg3 Bxe5 26. Bxe5 Kf7 27. Qd4 Qc6 28. Qf4+ Ke8 29. f3 Qc1+ 30. Kh2 Qd2 31. a3 h6 32. Qxh6 Bxf3 33. Qxg6+ Kd7 34. Qg3 Bd5 35. Bd4 Qe2 36. Qg5 Qc2 37. h4 b4 38. axb4 Qc7+ 39. Be5 Qb6 40.
h5 Qxb4 41. h6 Qe4 42. Bd4 Kc6 43. Qg3 Kb5 44. Qg5 Kc4 45. Qg3 Kb3 46. Qb8+ Kc2 47. Qg3 Kb1 48. Qg7 Ka2 49. h7 Qh4+ 50. Kg1 Qe1+ 51.
Kh2 Qh4+ 52. Kg1 Qe1+ 53. Kh2 Qh4+ 1/2-1/2

[Event "*** Titled Tuesday Blitz"]
[Site "Chess.com"]
[Date "2020.04.14"]
[Round "5"]
[White "Godzillator"]
[Black "picturesquecheck"]
[Result "0-1"]
[WhiteElo "2354"]
[BlackElo "2219"]
[TimeControl "180+1"]
[EndTime "10:51:32 PDT"]
[Termination "picturesquecheck won on time"]

1. d4 Nf6 2. c4 e6 3. Nc3 d5 4.
cxd5 exd5 5. Bg5 c6 6. Qc2 g6 7. Bxf6 Qxf6 8. Nxd5 cxd5 9. Qxc8+ Qd8 10. Qxb7 Nd7 11.
O-O-O Rb8 12. Qxd5 Qb6 13. Qe4+ Be7 14. Rd2 Nf6 15. Qe5 Rc8+ 16. Kb1 Qc6 17. a3 Qc1+ 18. Ka2 Qxd2 19. Nf3 Qc1 20. e3 O-O 21. Qxe7 Rc2 22. Qb4 Rxf2 23. Bc4 Qxh1 24. Ne5 Ne4 25. Qb7 Nd6 26.
Qb4 Nxc4 27. Nxc4 Qxg2 28. Qb5 Rc2 29. Ne5 Qxh2 30. Qb3 Qe2 31. d5 Rd2 32. Nd7 Rxd5 33. Nf6+ Kg7 34. Nxd5 h5 35. Qc3+ Kh7 36. Nf6+ Kh6 37. Qd4 Qa6 38. Qf4+ Kg7 39. Nd5 Qe6 40. Qd4+ f6 41. b3 Rd8 42. Qxa7+ Rd7 43. Qb6 Qxd5 44. a4 Qd2+ 45. Ka3 Qc1+ 46. Kb4 Qe1+ 47. Kb5 Re7 0-1